Cogmind - Beta 13 @@@ ROGUE MODE // 2024.04.15 @ 15:51:36 Player: Michael Result: Self-destructed Performance ------------- Evolutions (2) 1000 Regions Visited (3) 600 Robots Destroyed (27) 135 Value Destroyed (724) 724 Prototype IDs (0) 0 Alien Tech Used (0) 0 Bonus (0) 0 TOTAL SCORE: 2459 Bonus ------- None Cogmind --------- Core Integrity 379/550 Matter 194/300 Energy 310/310 System Corruption 0% Temperature Warm (197) Movement Hovering (116) Ox1 Location -8/Materials Parts ------- > --- POWER (2) -------- Ion Engine Light Nuclear Core > --- PROPULSION (5) --- Hover Unit Hover Unit > --- UTILITY (2) ------ Medium Storage Unit Weight Redist. System > --- WEAPON (2) ------- Ion Cannon Light Assault Rifle > --- INVENTORY (10) --- Ion Engine Heat Sink Improved Heat Sink Weight Redist. System Weight Redist. System ECM Suite Particle Gun Light Assault Rifle Light Assault Rifle Grenade Launcher Peak State ------------ > --- POWER ------------ Ion Engine Light Nuclear Core > --- PROPULSION ------- Hover Unit Hover Unit > --- UTILITY ---------- Medium Storage Unit Weight Redist. System > --- WEAPON ----------- Ion Cannon Light Assault Rifle > --- INVENTORY -------- Ion Engine Heat Sink Improved Heat Sink Weight Redist. System Weight Redist. System ECM Suite Particle Gun Light Assault Rifle Light Assault Rifle Grenade Launcher [Rating: 14] Favorites ----------- Power Ion Engine Engine Ion Engine Power Core Light Nuclear Core Propulsion Hover Unit Treads Light Treads Wheel Compact Wheel Hover Unit Hover Unit Utility Medium Storage Unit Device Weight Redist. System Storage Medium Storage Unit Protection Light Armor Plating Weapon Light Assault Rifle Energy Gun Medium Laser Energy Cannon Ion Cannon Ballistic Gun Light Assault Rifle Launcher Grenade Launcher Build | -11 -10 -9 -8 ------- Run | Yrd Mat Mat Mat Slots Evolved 4 | . . 2 2 Power 1 | . . . 1 Propulsion 3 | . . 2 1 Utility . | . . . . Weapon . | . . . . Parts Attached 39 | 10 17 7 5 Power 6 | 1 3 . 2 Engine 5 | 1 3 . 1 Core 1 | . . . 1 Reactor . | . . . . Propulsion 14 | 5 4 3 2 Treads 1 | 1 . . . Leg . | . . . . Wheel 4 | 4 . . . Hover 9 | . 4 3 2 Flight . | . . . . Utility 6 | 2 2 2 . Device 2 | . . 2 . Storage 3 | 2 1 . . Processor . | . . . . Hackware . | . . . . Protection 1 | . 1 . . Artifact . | . . . . Weapon 13 | 2 8 2 1 Energy Gun 2 | . 2 . . Energy Cannon 1 | . . . 1 Ballistic Gun 9 | 2 6 1 . Ballistic Cannon . | . . . . Launcher 1 | . . 1 . Special Weapon . | . . . . Impact Weapon . | . . . . Slashing Weapon . | . . . . Piercing Weapon . | . . . . Special Melee Weapon . | . . . . Unidentified Prototypes . | . . . . Parts Lost 8 | . 3 2 3 Power . | . . . . Propulsion 8 | . 3 2 3 Utility . | . . . . Weapon . | . . . . Highest Loss Streak 3 | . 2 1 3 To Critical Strikes . | . . . . Average Slot Usage (%) 92 | . 91 98 90 Engine 13 | . 14 11 17 Wheel 2 | . 3 . . Hover 27 | . 23 42 36 Device 1 | . . 6 9 Storage 14 | . 16 11 9 Protection 4 | . 4 4 . Energy Gun 3 | . 5 . . Ballistic Gun 19 | . 22 11 9 Launcher 2 | . . 11 8 Naked Turns . | . . . . Heaviest Build 27 | 17 21 23 27 Greatest Support 36 | 32 32 30 36 Greatest Overweight (x) 1 | . 1 1 1 Average Overweight (x) . | . . . . Largest Inventory Capacity 10 | 8 10 10 10 Average Capacity 9 | 6 9 10 10 Most Carried 10 | 5 10 10 10 Average Carried 8 | 3 9 9 8 Final Capacity 10 | 8 10 10 10 Final Carried 10 | 5 10 10 10 Class Distribution -------------------- 100% | Mutant Dominant Class ---------------- Mutant | -10/Materials Mutant | -9/Materials Mutant | -8/Materials Resources | -11 -10 -9 -8 ----------- Run | Yrd Mat Mat Mat Matter Collected 847 | 213 314 320 . Remotely . | . . . . Salvage Created 754 | 109 341 304 . Parts 51 | 5 25 21 . Haulers Intercepted . | . . . . Recyclers Shooed 1 | . . 1 . Parts Field Recycled . | . . . . Retrieved Matter . | . . . . Parts Self-Destructed . | . . . . Prevented . | . . . . Kills | -11 -10 -9 -8 ------- Run | Yrd Mat Mat Mat Combat Hostiles Destroyed 24 | . 12 11 1 Guns 17 | . 12 5 . AOE 7 | . . 6 1 Classes Destroyed 5 | 2 2 1 . Worker 1 | 1 . . . Recycler 2 | 1 . 1 . Swarmer 9 | . 6 3 . Grunt 13 | . 6 7 . Sentry 2 | . . 1 1 Best Kill Streak 9 | 1 2 9 1 Combat Bots Only 8 | . 2 8 1 Max Kills in Single Turn 3 | 1 1 3 1 Gunslinging . | . . . . Exploded 3 | . . 3 1 Melee . | . . . . Uniques/NPCs Destroyed . | . . . . Combat | -11 -10 -9 -8 -------- Run | Yrd Mat Mat Mat Hostile Shots Fired 156 | . 87 46 23 Missed 39 | . 13 20 6 Damage Taken 1362 | . 702 319 341 Core 438 | . 209 58 171 Absorbed by Shields . | . . . . Regen/Repaired (Parts) 48 | . 48 . . Core Remaining (%) 67 | 100 16 85 . Volleys Fired 92 | 6 54 23 9 Largest 2 | 2 2 2 2 Hottest 80 | 40 70 50 80 Shots Fired 176 | 12 108 38 18 Gun 152 | 12 108 23 9 Cannon 3 | . . . 3 Launcher 21 | . . 15 6 Special . | . . . . Kinetic 125 | 12 81 23 9 Thermal 18 | . 15 . 3 Explosive 21 | . . 15 6 Electromagnetic 12 | . 12 . . Robot Hit Streak 17 | 2 8 9 17 Robot Miss Streak 6 | 2 6 3 1 Penetration Max . | . . . . Secondary Targets 1 | . 1 . . Max Gunslinging Chain 1 | . 1 . . Shots Hit Robots 100 | 6 56 22 16 Core Hits 55 | 4 27 19 5 Critical Kills . | . . . . Critical Parts Destroyed . | . . . . Critical Strikes . | . . . . Melee Attacks . | . . . . Impact . | . . . . Slashing . | . . . . Piercing . | . . . . Sneak Attacks . | . . . . Combat Hostiles . | . . . . Follow-up Attacks . | . . . . Damage Inflicted 1733 | 47 547 903 236 Guns 891 | 47 547 230 67 Cannons 24 | . . . 24 Explosions 818 | . . 673 145 Melee . | . . . . Ramming . | . . . . Kinetic 739 | 47 395 230 67 Thermal 146 | . 122 . 24 Explosive 818 | . . 673 145 Electromagnetic 30 | . 30 . . Impact . | . . . . Slashing . | . . . . Piercing . | . . . . Highest Corruption . | . . . . Average Corruption . | . . . . Corruption Purged . | . . . . Corruption Blocked . | . . . . Overload Shots . | . . . . Overflow Damage 43 | . . 43 . Projectiles . | . . . . Explosions 43 | . . 43 . Melee . | . . . . Knockbacks . | . . . . Impact . | . . . . Kinetic . | . . . . Secondary . | . . . . Self-Inflicted Damage 74 | . . . 74 Shots 2 | . . . 2 Rammed 1 | . 1 . . Targets Rammed 1 | . 1 . . Kicked . | . . . . Crushed . | . . . . Highest Temperature 188 | . 142 83 188 Average Temperature 38 | . 30 47 65 Received Heat Transfer 513 | . 192 159 162 Siege Activations . | . . . . Robots Corrupted . | . . . . Combat Hostiles . | . . . . Parts Fried . | . . . . Impact Corruptions . | . . . . Robots Melted . | . . . . Combat Hostiles . | . . . . Parts Melted . | . . . . Heat Transferred 407 | . 370 . 37 Parts Sabotaged . | . . . . Parts Stolen . | . . . . Parts Stripped . | . . . . Power Chain Reactions . | . . . . Alert | -11 -10 -9 -8 ------- Run | Yrd Mat Mat Mat Peak Influence 438 | 10 241 438 288 Initial 180 | . 6 14 180 Average 121 | 3 86 263 230 Maximum Alert Level 2 | . 1 2 1 Low Security (%) 81 | 100 97 29 43 Level 1 16 | . 2 60 56 Level 2 1 | . . 10 . Level 3 . | . . . . Level 4 . | . . . . Level 5 . | . . . . High Security . | . . . . Max Security . | . . . . Squads Dispatched 4 | . 1 2 1 Investigation 1 | . . . 1 Extermination . | . . . . Reinforcement 3 | . 1 2 . Assault . | . . . . Garrison . | . . . . Intercept . | . . . . Searches Triggered . | . . . . Construction Impeded 1 | . . 1 . Haulers Reinforced . | . . . . Active Scanning Responses . | . . . . Cargo Convoy Interrupts . | . . . . Stealth | -11 -10 -9 -8 --------- Run | Yrd Mat Mat Mat Distress Signals 2 | . 2 . . Communications Jammed . | . . . . Distress Signals . | . . . . Times Spotted 54 | . 29 16 9 Peak Tracking Total 9 | . 6 6 9 Tactical Retreats 5 | . 3 2 . Traps | -11 -10 -9 -8 ------- Run | Yrd Mat Mat Mat Traps Triggered . | . . . . Indirectly . | . . . . Trap Hack Attempts . | . . . . Triggered . | . . . . Disarmed . | . . . . Reprogrammed . | . . . . Reused . | . . . . Traps Extracted . | . . . . Installed . | . . . . Triggered . | . . . . Machines | -11 -10 -9 -8 ---------- Run | Yrd Mat Mat Mat Machines Disabled 5 | . . 2 3 Max in Single Turn 2 | . . 1 2 Machines Repaired . | . . . . Machines Dismantled . | . . . . Machines Sabotaged . | . . . . Overloaded Fab Kills . | . . . . Hacking | -11 -10 -9 -8 --------- Run | Yrd Mat Mat Mat Machines Accessed 2 | . 1 . 1 Terminals 1 | . . . 1 Fabricators . | . . . . Repair Stations 1 | . 1 . . Recycling Units . | . . . . Scanalyzers . | . . . . Garrison Access . | . . . . Total Hacks 5 | . 2 . 3 Successful 2 | . 2 . . Failed 3 | . . . 3 Catastrophic . | . . . . Database Lockouts . | . . . . Manual . | . . . . Terminals 3 | . . . 3 Fabricators . | . . . . Repair Stations 2 | . 2 . . Recycling Units . | . . . . Scanalyzers . | . . . . Garrison Access . | . . . . Terminal Hacks . | . . . . Fabricator Hacks . | . . . . Repair Station Hacks 2 | . 2 . . Scan Component 1 | . 1 . . Repair 1 | . 1 . . Recycling Unit Hacks . | . . . . Scanalyzer . | . . . . Garrison Access Hacks . | . . . . Unauthorized Hacks . | . . . . Terminals . | . . . . Fabricators . | . . . . Repair Stations . | . . . . Recycling Units . | . . . . Scanalyzers . | . . . . Garrison Access . | . . . . Data Cores Recovered . | . . . . Used . | . . . . Hacking Detections 1 | . . . 1 Full Trace Events 1 | . . . 1 Feedback Events . | . . . . Feedback Blocked . | . . . . Robot Schematics Acquired . | . . . . Robots Built . | . . . . Authchips . | . . . . Time . | . . . . Total Robot Build Rating . | . . . . Part Schematics Acquired . | . . . . Parts Built . | . . . . Authchips . | . . . . Time . | . . . . Total Part Build Rating . | . . . . Parts Repaired 1 | . 1 . . Time 26 | . 26 . . Parts Recycled . | . . . . Recycled Matter . | . . . . Retrieved Matter . | . . . . Retrieved Components . | . . . . Parts Scanalyzed . | . . . . Part Schematics Acquired . | . . . . Parts Damaged . | . . . . Bothacking | -11 -10 -9 -8 ------------ Run | Yrd Mat Mat Mat Used RIF Installer . | . . . . Robots Hacked . | . . . . Non-combat . | . . . . Combat . | . . . . Robot Hacks Applied . | . . . . Relay Couplers Released . | . . . . Fabnet Peak Effective % . | . . . . Robots Rewired . | . . . . Allies Hacked . | . . . . Hacks Repelled . | . . . . Allies | -11 -10 -9 -8 -------- Run | Yrd Mat Mat Mat Total Allies . | . . . . Largest Group . | . . . . Highest-Rated Group . | . . . . Highest-Rated Ally . | . . . . Total Orders . | . . . . Ally Attacks . | . . . . Total Damage . | . . . . Kills . | . . . . Allies Corrupted . | . . . . Allies Melted . | . . . . Intel | -11 -10 -9 -8 ------- Run | Yrd Mat Mat Mat Robot Analysis Total . | . . . . Derelict Logs Recovered . | . . . . Drone Launches . | . . . . Drone Recoveries . | . . . . Exploration | -11 -10 -9 -8 ------------- Run | Yrd Mat Mat Mat Turns Passed 1565 | 118 1066 276 105 Spaces Moved 1254 | 95 665 353 141 Core 16 | 16 . . . Treads 2 | 2 . . . Legs . | . . . . Wheels 165 | 77 88 . . Hover 1071 | . 577 353 141 Flight . | . . . . Fastest Speed 44 | 50 56 48 44 Average Speed 85 | 85 112 48 47 Slowest Speed 160 | 160 116 112 116 Overloaded Moves . | . . . . Propulsion Burnouts . | . . . . Robots Hopped . | . . . . Cave-ins Triggered . | . . . . Exploration Rate (%) 34 | 4 87 29 19 Regions Visited 3 Branch Regions . Pre-discovered Areas . | . . . . Known Exits Taken . | . . . . Unknown Exits Taken 3 | 1 1 1 . Scrap Searched . | . . . . Spaces Dug . | . . . . Terrain Destroyed 77 | . . 49 28 Melee . | . . . . Projectile 1 | . . . 1 AOE 76 | . . 49 27 Terrain Rammed . | . . . . Walls Destroyed . | . . . . Machines Disabled . | . . . . Actions | -11 -10 -9 -8 --------- Run | Yrd Mat Mat Mat Total 1589 | 119 890 418 162 Wait 153 | . 122 27 4 Move 1251 | 94 664 352 141 Hop . | . . . . Pick Up 33 | 8 16 6 3 Fast Attach 9 | 4 5 . . Attach 12 | 3 3 3 3 Detach . | . . . . Swap 18 | 3 9 4 2 Drop 20 | 1 16 3 . Fire 92 | 6 54 23 9 Melee . | . . . . Ram 1 | . 1 . . Kick . | . . . . Crush . | . . . . Escape Stasis . | . . . . Rewire . | . . . . Trap . | . . . . Miscellaneous . | . . . . Route ------- -11/Scrapyard -10/Materials (discovered 5 exits: [*Mat x3] / [*Min x2]) -9/Materials -8/Materials History --------- Turn | Location | Event 12 | -11/Scrapyard | Discovered new exit (range 16) 119 | -11/Scrapyard | Entered Materials 344 | -10/Materials | Build established: Mutant 433 | -10/Materials | Discovered new exit (range 8) 452 | -10/Materials | Discovered new exit (range 14) 592 | -10/Materials | Core integrity fell below 50% 703 | -10/Materials | Repaired Lgt. Assault Rifle 766 | -10/Materials | Core integrity fell below 20% 782 | -10/Materials | Discovered new exit (range 15) 861 | -10/Materials | Discovered new exit (range 14) 962 | -10/Materials | Discovered new exit (range 5) 1185 | -10/Materials | Entered another Materials area 1185 | -9/Materials | Evolved 2 slots: Propulsion x2 1326 | -9/Materials | Destroyed 8 combat bots 1453 | -9/Materials | Discovered new exit (range 15) 1461 | -9/Materials | Entered another Materials area 1461 | -8/Materials | Evolved 2 slots: Power x1, Propulsion x1 1566 | -8/Materials | Self-destructed Last Messages --------------- 01495_ Current location identified: Materials 01495_ ALERT: Suspicious activity at Terminal M011. Dispatching Investigation squad. 01509_ Hover Unit destroyed. 01511_ Nuclear Reactor explodes. 01511_ Terminal disabled. 01514_ The unstable cave ceiling collapses. 01516_ U-05 Engineer lays Concrete. 01517_ Y-45 Defender destroyed. 01519_ U-05 Engineer builds a Wall. 01521_ U-05 Engineer builds a Door. 01522_ U-05 Engineer builds a Wall. 01527_ U-05 Engineer lays Concrete. 01528_ The unstable cave ceiling collapses. 01528_ U-05 Engineer lays Concrete. 01538_ Hover Unit destroyed. 01553_ Acquired Lgt. Nuclear Core. 01555_ Hover Unit destroyed. 01559_ Electrolysis Chamber disabled. 01561_ Critical hit (Burn: +37). Map ----- +----------------------------------------------------+ | ??????????????????????????????????????????????? | | ??????????????????????????????????????????????? | | ??????????????????????????????????????????????? | | ??????????????????????????????????????????????? | | ??????????????????????????????????????????????? | | ??????????????????????????????????????????????? | | ??????????????????????????????????????????????? | | ??????????????????????????????????????????????? | | ??????????????????????????????????????????????? | | ??????????????????????????????????????????????? | | ????????????????????????w ???????????????????? | | ??????????????????????##w #??????????????????? | | ?????????????????????? ??????????????????? | | ???????????????? ?? ??????????????????? | | ???????????????? ??" ??????????????????? | | ????????????????#a """ #??????????????????? | | ????????????????# """ #??????????????????? | | ????????????????# #??????????????????? | | ????????????????# #??????????????????? | | ????????????????# ![ #??????????????????? | | ????????????????# = #??????????????????? | | ????????????????# #??????????????????? | | ????????????????# #??????????????????? | | ????????????????# #??????????????????? | | ????????????????# """ #??????????????????? | | ????????????????# """ @ #??????????????????? | | ????????????????# #??????????????????? | | ????????????????# #??????????????????? | | ????????????????#ggg #??????????????????? | | ????????????######/##;## #??????????????????? | | ????????????# gg ## #???????????????? | | ????????#+??# ##!!!!!!#???????????????? | | ######## ??# ##!!!!!!#???????????????? | | ### #########???????????????? | | # #???????????????????????? | | + #???????????????????????? | | # #???????????????????????? | | # #???????????????????????? | | ######### ###########???????????????????????? | | ????????# #?????????????????????????????????? | | ????????# #?????????????????????????????????? | | """ ##### #?####################????????????? | | """ / #?# T """ """ # #????????????? | | ##### #?# """ """ # #????????????? | | ????????# #?# """ """ # #????????????? | | ????????# #?# # #????????????? | | ????????# #?# [ = # #????????????? | | ???????## ### # #????????????? | | ???????# [ ##########+######+####???????????? | | ???????#! #???????????? | +----------------------------------------------------+ Best States ------------- Heat Dissipation 38 Energy Generation 19 Energy Capacity 400 Matter Stores 300 Matter Capacity 300 Sight Range 16 Terrain Scan Density 10 Additional Mass Support 6 Armor Coverage 150 Evasion (%) 56 Recoil Reduction 1 Item Schematics ----------------- None Robot Schematics ------------------ None Fabricated ------------ Nothing Alien Tech Used ----------------- None Achievements -------------- None Challenges ------------ None Game ------ Seed LatentShieldMachine Manual? 0 Play Time 00:22:08 Cumulative 12.0 hours Start 2024.04.15 @ 12:19:00 End 2024.04.15 @ 15:51:36 Sessions 3 Manual Loads 0 Difficulty Rogue Special Mode None Game No. 12 Rogue 12 Adventurer 0 Explorer 0 Win Type - Total 0 Types 0/0/0/0/0/0/0/0/0 Lore% 4 Gallery% 14 Achievement% 17 Wizard Run 0 Options --------- Layout 1 ASCII 0 Keyboard 0 Movement Arrows Keybinds 0 Fullscreen 2 Font 32/SmallcapsGlow Map View 50x35 Zoom Use 0% Tactical HUD 1 Map Filters NONE Filters NONE Steam 1 RUN: 4f80a037-8927-4731-9c1e-5f13350a151b